 Dungeon Crawl Stone Soup version 0.20-a0-1065-g8446734 (webtiles) character file.

64 AlphabetPasta the Sneak (level 4, -4/37 HPs)
             Began as a Gnoll Assassin on Apr 28, 2017.
             Slain by Sigmund
             ... wielding a +0 scythe
              (7 damage)
             ... on level 2 of the Dungeon.
             The game lasted 00:08:20 (1572 turns).

AlphabetPasta the Sneak (Gnoll Assassin)            Turns: 1572, Time: 00:08:20

Health: -4/37      AC:  5    Str: 10    XL:     4   Next: 12%
Magic:  4/4        EV: 12    Int: 11    God:
Gold:   90         SH:  0    Dex: 16    Spells: 3/3 levels left

rFire    . . .     SeeInvis .   b - +0 blowgun
rCold    . . .     Gourm    .   (no shield)
rNeg     . . .     Faith    .   c - +0 robe
rPois    .         Spirit   .   o - +0 helmet
rElec    .         Reflect  .   d - +0 cloak
rCorr    .         Harm     .   h - +0 pair of gloves
MR       .....                  (no boots)
Stlth    +.........             (no amulet)
Regen    0.2/turn               (no ring)
MPRegen  0.1/turn               (no ring)

@: confused
A: short attention span, fangs 1, strong nose
a: no special abilities


You were on level 2 of the Dungeon.
You were not hungry.

You visited 1 branch of the dungeon, and saw 2 of its levels.

You collected 90 gold pieces.

Inventory:

Hand Weapons
 a - a +2 dagger
 b - a +0 blowgun (weapon)
Missiles
 e - 5 poisoned needles (quivered)
Armour
 c - a +0 robe (worn)
 d - a +0 cloak (worn)
 h - a +0 pair of gloves (worn)
 o - a +0 helmet (worn)
Scrolls
 n - 2 scrolls of identify
Potions
 j - 2 potions of might
 m - a potion of heal wounds
Comestibles
 g - 2 bread rations
 i - a meat ration
 l - 3 chunks of flesh


   Skills:
 + Level 3.8 Fighting
 * Level 4.0 Short Blades
 + Level 3.5 Throwing
 + Level 1.7 Dodging
 * Level 6.4 Stealth


You had 3 spell levels left.
You didn't know any spells.

Dungeon Overview and Level Annotations

Branches:
Dungeon (2/15)

Altars:
Elyvilon

Annotations:
D:2 Sigmund


Innate Abilities, Weirdness & Mutations

You have a short attention span.
You have very sharp teeth.
Your uncanny sense of smell can sniff out nearby items.


Message History

You shoot a poisoned needle. The poisoned needle hits Sigmund.
Sigmund looks even sicker.
Sigmund is lightly wounded.
Sigmund hits you from afar with a scythe.
* * * LOW HITPOINT WARNING * * *
You open the door. Sigmund closely misses you.
There is an open door here.
Sigmund mumbles some strange words.
Sigmund flickers and vanishes!
Deactivating autopickup; reactivate with Ctrl-A.
Some of the chunks of flesh in your inventory have rotted away.
You are confused.
You bump into the rock wall.
You bump into the rock wall.
You bump into the rock wall.
Something hits you.
* * * LOW HITPOINT WARNING * * *
You bump into the rock wall.
Your magical contamination has completely faded away.
Something hits you!
You die...

###### ###.## #.# #..# #.# ##.#
#.# #### ###'###### #.# .#.#
##### #........# #.# .#.# #...#
#........# #.# ...# #...#
#...(....# #.#
.#.########...#####........####.#
....>.....'...'.@................
##.########...#########.#######.#
...#..(..%....#.........## #.#
####..........#.#######..# #.#
####################.#..## #.#
#....)...............#...# #.#
#..#...#...#...#...#.#.#.## #.#
#_....((.............#.#..####.#
#..#...#...#...#...#........##$


There were no monsters in sight!

Vanquished Creatures
  2 adders (D:2)
  2 worms (D:2)
  A leopard gecko (D:2)
  A ball python (D:1)
  A giant cockroach (D:1)
  6 hobgoblins
  5 jackals
  A quokka (D:2)
  4 bats
  4 frilled lizards
  A goblin (D:1)
  5 kobolds
  8 rats
41 creatures vanquished.

Notes
Turn   | Place    | Note
-------+----------+-------------------------------------------
     0 | D:1      | AlphabetPasta the Gnoll Assassin began the quest for the Orb.
     0 | D:1      | Reached XP level 1. HP: 18/18 MP: 1/1
   131 | D:1      | Reached XP level 2. HP: 22/24 MP: 2/2
   964 | D:2      | Reached XP level 3. HP: 19/29 MP: 3/3
  1033 | D:2      | Reached skill level 6 in Stealth
  1357 | D:2      | Found a white marble altar of Elyvilon.
  1434 | D:2      | Reached XP level 4. HP: 37/37 MP: 4/4
  1516 | D:2      | Noticed Sigmund
  1572 | D:2      | Slain by Sigmund

Vault maps used:
D:1:      dpeg_arrival_radiant
D:2:      lemuel_coloured_pillars_altar, uniq_sigmund

Skill      XL: |  1  2  3 |
---------------+----------+-----
Stealth        | 6 |  6.4
Short Blades   | 4 |  4.0
Fighting       | |  3.8
Throwing       | |  3.5
Dodging        | |  1.7

Action                   |  1- 3 |  4- 6 || total
-------------------------+-------+-------++-------
Melee: Dagger            |   143 |    11 ||   154
       Bite              |    15 |     1 ||    16
 Fire: Blowgun           |    13 |    10 ||    23
  Use: Scroll            |     5 |       ||     5
       Potion            |       |     1 ||     1
 Stab: Sleeping          |     4 |     1 ||     5
  Eat: Chunk             |     2 |       ||     2
Armor: Robe              |    17 |     6 ||    23
Dodge: Dodged            |    80 |    12 ||    92
